 Dungeon Crawl Stone Soup version 0.31.0-11-ge490571c62 (webtiles) character file.

Game seed: 11312026156568988563

23 qw the Shooter (level 2, 0/16 HPs)
             Began as a Deep Elf Hunter on Feb 4, 2024.
             Succumbed to their own poison gas
             ... on level 1 of the Dungeon.
             The game lasted 00:00:02 (786 turns).

qw the Shooter (Deep Elf Hunter)                     Turns: 786, Time: 00:00:02

Health: 0/16       AC:  3    Str:  8    XL:     2   Next: 75%
Magic:  4/4        EV: 12    Int: 13    God:
Gold:   38         SH:  0    Dex: 18    Spells: 1/1 levels left

rFire   . . .        a - +0 shortbow
rCold   . . .        (shield currently unavailable)
rNeg    . . .        c - +0 leather armour
rPois   .            (no helmet)
rElec   .            (no cloak)
rCorr   .            (no gloves)
SInv    .            (no boots)
Will    .....        (no amulet)
Stlth   ++           (no ring)
HPRegen 0.22/turn    (no ring)
MPRegen 0.09/turn

%: no passive effects
@: lethally poisoned (0 -> -9)
A: no striking features
a: no special abilities


You were on level 1 of the Dungeon.
You visited 1 branch of the dungeon, and saw 1 of its levels.

You collected 38 gold pieces.


   Skills:
 - Level 1.5 Fighting
 + Level 6.5 Ranged Weapons
 - Level 2.4 Dodging
 - Level 1.2 Stealth


You had one spell level left.
You didn't know any spells.
Your spell library was empty.

Inventory:

Hand Weapons
 a - a +0 shortbow (weapon)
Armour
 c - a +0 leather armour (worn)
Potions
 d - a potion of mutation
 f - a potion of haste {unknown}
 h - a potion of curing {unknown}

Dungeon Overview and Level Annotations

Branches:
Dungeon (1/15)

Altars:


Message History

It was a scroll of poison.
Done exploring.
782 ||| READING scroll labelled RAARGH MAOTIT.
As you read the scroll labelled RAARGH MAOTIT, it crumbles to dust.
You hear a loud clanging noise!
It was a scroll of noise.
Done exploring.
783 ||| DROPPING scroll of butterflies.
You drop a scroll of butterflies.
Done exploring.
What level of the Dungeon? (default 1, ? - help) Sorry, I don't know how to get there.
Enter note:
Enter note:
Enter note:
Enter note:
Enter note:
Enter note:
Enter note:
Enter note:
Enter note:
Enter note:
Enter note:
Enter note:
Enter note:
Enter note:
Enter note:
Enter note:
Enter note:
Enter note:
Enter note:
Enter note:
Enter note: You are engulfed in poison gas.
You are lethally poisoned!
Ouch! That really hurt!
You feel very sick.
785 ||| Stepping ~*~*~tactically~*~*~ (cloud).
You feel very sick.
You see here a scroll of butterflies.
There is a lethal amount of poison in your body!
You die...

##############.(.........# #.#
.##............#####.###.### #.#
.##.#########..¤¤..........####.#
.##.#########.##¤###............#
......))...¤¤¤.#¤# #............#
.##.#.#######0¤#¤# #.###.#.###..#
.##.#.#######¤¤#¤###¤###.#.###..#
.##.#.#...¤¤¤¤¤¤¤¤¤¤¤¤¤¤........#
.##.......¤¤¤¤¤¤@0¤¤¤¤0¤.........
..........¤¤¤¤0¤0¤¤¤¤¤¤¤.........
..........¤0¤¤¤¤¤¤¤¤¤¤0###.###...
..#...#...¤¤¤¤¤¤¤¤¤¤¤¤¤¤....##...
..........¤¤¤¤¤¤##¤##¤¤###..##...
..........¤¤¤¤¤¤..¤##.¤¤....##...
..........¤¤¤¤¤##.¤##..###..##...
..........¤¤¤¤¤...¤¤.............
.#.#..#.##.###.##..##..####.###.#


There were no monsters in sight!

Vanquished Creatures
  A gnoll (D:1)
  2 ball pythons (D:1)
  3 goblins (D:1)
  A kobold (D:1)
  3 quokkas (D:1)
  2 rats (D:1)
12 creatures vanquished.

Notes
Turn   | Place    | Note
-------+----------+-------------------------------------------
     0 | D:1      | qw the Deep Elf Hunter began the quest for the Orb.
     0 | D:1      | Reached XP level 1. HP: 12/12 MP: 3/3
     0 | D:1      | 0 ||| qw: Version: 0.3-a-160-g6735b56
     0 | D:1      | 0 ||| qw: Game counter: 4681
     0 | D:1      | 0 ||| qw: Melee chars always use a shield: true
     0 | D:1      | 0 ||| qw: God list: Okawaru
     0 | D:1      | 0 ||| qw: Allow faded altars: false
     0 | D:1      | 0 ||| qw: Do Orc after clearing Dungeon:15 true
     0 | D:1      | 0 ||| qw: Do second Lair branch before Depths: true
     0 | D:1      | 0 ||| qw: Lair rune preference: random
     0 | D:1      | 0 ||| qw: Goals: Normal
     0 | D:1      | 0 ||| PLANNING D:1-11
    48 | D:1      | Found a faded altar of an unknown god.
   256 | D:1      | Reached skill level 6 in Ranged Weapons
   256 | D:1      | Reached XP level 2. HP: 16/16 MP: 4/4
   776 | D:1      | 776 ||| READING scroll labelled KUODUKYTSES.
   780 | D:1      | 780 ||| READING scroll labelled JEOSOBINUSI.
   780 | D:1      | 780 ||| IDENTIFYING fuming yellow potion
   781 | D:1      | 781 ||| READING scroll labelled FYNEWA QOUXUE.
   782 | D:1      | 782 ||| READING scroll labelled RAARGH MAOTIT.
   783 | D:1      | 783 ||| DROPPING scroll of butterflies.
   785 | D:1      | 785 ||| Stepping ~*~*~tactically~*~*~ (cloud).
   785 | D:1      | HP: 2/16 [poisoned by you (poison gas)]
   786 | D:1      | Succumbed to their own poison gas

Levels and vault maps discovered:
D:1:      ncdulo_watergridlock, layout_basic, basic_ecumenical_altar

Skill      XL: |  1 |
---------------+----+-----
Ranged Weapons | 6 |  6.5
Fighting       | |  1.5
Dodging        | |  2.4
Stealth        | |  1.2

Action                     || total
---------------------------++-------
   Fire: Shortbow          ||    33
    Use: Scroll            ||     4
  Dodge: Dodged            ||     2

Table legend:
 A = Non-vault XP
 B = Vault XP
 C = Vault XP percentage of total XP
 D = Non-vault monster count
 E = Vault monster count
 F = Vault count percentage of total count
                 A         B        C        D         E       F
            +---------+---------+-------+---------+---------+-------
      Total |      34 |       0 |   0.0 |      12 |       0 |   0.0
            +---------+---------+-------+---------+---------+-------
        D:1 |      34 |       0 |   0.0 |      12 |       0 |   0.0
            +---------+---------+-------+---------+---------+-------
